 Dungeon Crawl Stone Soup version 0.18.1-1-g2f07953 (webtiles) character file.

116 Softman25 the Magician (level 4, -6/33 HPs)
             Began as a Draconian Wizard on Oct 16, 2016.
             Mangled by an orc
             ... wielding a +0 whip
              (9 damage)
             ... on level 3 of the Dungeon.
             The game lasted 00:15:05 (2497 turns).

Softman25 the Magician (Draconian Wizard)           Turns: 2497, Time: 00:15:06

Health: -6/33      AC:  5    Str:  9    XL:     4   Next: 70%
Magic:  1/10       EV: 12    Int: 19    God:
Gold:   188        SH:  0    Dex: 10    Spells: 4 memorised, 2 levels left

rFire  . . .     SeeInvis .     e - +0 dagger
rCold  . . .     Gourm    .     (armour unavailable)
rNeg   . . .     Faith    .     (no shield)
rPois  .         Spirit   .     a - +0 hat
rElec  .         Dismiss  .     (no cloak)
rCorr  .         Reflect  .     (no gloves)
SustAt .         Harm     .     (no boots)
MR     .....                    (no amulet)
Stlth  +++.......               (no ring)
                                d - ring of stealth

@: not resistant to hostile enchantments, fairly stealthy
A: unfitting armour, cold-blooded, AC +5
a: no special abilities


You were on level 3 of the Dungeon.
You were not hungry.

You visited 1 branch of the dungeon, and saw 5 of its levels.

You collected 188 gold pieces.

Inventory:

Hand Weapons
 e - a +0 dagger (weapon)
 j - a +0 hunting sling
Missiles
 m - 11 sling bullets
Armour
 a - a +0 hat (worn)
Jewellery
 d - a ring of stealth (left hand)
Scrolls
 g - a scroll of amnesia
 n - 2 scrolls of remove curse
 o - 3 scrolls of identify {unknown}
 q - a scroll of recharging {unknown}
Potions
 l - a potion of berserk rage
Books
 b - a book of Minor Magic

   Spells                             Type                      Level
   a - Magic Dart                     Conjuration                  1
   b - Blink                          Translocation                2
   c - Call Imp                       Summoning                    2
   d - Repel Missiles                 Charms/Air                   2
   e - Slow                           Hexes                        2
   f - Conjure Flame                  Conjuration/Fire             3
   g - Mephitic Cloud                 Conjuration/Poison/Air       3
Comestibles
 c - a bread ration
 f - 2 slices of pizza
 h - 2 royal jellies
 i - 6 fruits
 k - a meat ration
 p - a chunk of flesh


   Skills:
 - Level 1.8 Dodging
 - Level 1.8 Stealth
 + Level 4.2 Spellcasting
 + Level 3.1 Conjurations
   Level 1.0 Summonings
 - Level 1.0 Translocations


You had 2 spell levels left.
You knew the following spells:

 Your Spells              Type           Power        Failure   Level  Hunger
a - Magic Dart            Conj           ###.         4%          1    None
b - Blink                 Tloc           N/A          14%         2    #......
c - Mephitic Cloud        Conj/Pois/Air  #.......     28%         3    ###....
d - Conjure Flame         Conj/Fire      #.......     21%         3    ###....


Dungeon Overview and Level Annotations

Branches:
Dungeon (5/15)
 Temple: D:4-7

Altars:


Innate Abilities, Weirdness & Mutations

Your plain brown scales are hard (AC +5).
Your body does not fit into most forms of armour.
You are cold-blooded and may be slowed by cold attacks.


Message History

The orc is heavily wounded.
The orc misses you.
You barely miss the orc.
You tail-slap the orc, but do no damage.
The orc is heavily wounded.
The orc hits you with a whip.
* * * LOW HITPOINT WARNING * * *
You hit the orc but do no damage.
Your tail-slap misses the orc.
The orc is heavily wounded.
The orc closely misses you.
You hit the orc.
The orc is heavily wounded.
The orc closely misses you.
You barely miss the orc.
The orc is heavily wounded.
The orc hits you but does no damage.
You hit the orc.
Your tail-slap misses the orc.
The orc is severely wounded.
The orc hits you with a whip!
You die...

#. #.#.......##.#
#. #)#..........#
#....)....####
#.#.#....##
#.#.#....#
#..#.##.#.#######
#........#..§..#
#..#.##o###.###.#
# #@†...# #
#####.#
#########.#
#.....# #
#.o.o...#.#
###.### #
#.#####.#.# .# #
#.# #.#.# # #o#
#.#.# #.#####.#.#
#o##.##o#.#


You could see an orc.

Vanquished Creatures
  4 adders
  An ooze (D:2)
  2 worms (D:2)
  A dart slug (D:3)
  6 orcs
  A ball python (D:2)
  A giant cockroach (D:2)
  9 goblins
  9 hobgoblins
  7 kobolds
  A quokka (D:3)
  7 bats
  3 giant newts
  8 rats
60 creatures vanquished.

Notes
Turn   | Place    | Note
--------------------------------------------------------------
     0 | D:1      | Softman25 the Draconian Wizard began the quest for the Orb.
     0 | D:1      | Reached XP level 1. HP: 14/14 MP: 4/4
   456 | D:1      | Reached XP level 2. HP: 18/20 MP: 0/6
   688 | D:1      | Learned a level 2 spell: Blink
  1084 | D:1      | Learned a level 2 spell: Blink
  1199 | D:2      | Reached XP level 3. HP: 23/26 MP: 1/8
  1691 | D:2      | You fall through a shaft for 2 floors!
  1727 | D:5      | Entered Level 5 of the Dungeon
  1758 | D:3      | Reached skill level 4 in Spellcasting
  1758 | D:3      | Reached XP level 4. HP: 22/33 MP: 3/10
  2257 | D:3      | Learned a level 3 spell: Mephitic Cloud
  2261 | D:3      | Learned a level 3 spell: Conjure Flame
  2497 | D:3      | Mangled by an orc

Skill      XL: |  1  2  3  4 |
---------------+-------------+-----
Conjurations   | 2 3 |  3.1
Spellcasting   | 4 |  4.2
Dodging        | |  1.8
Stealth        | |  1.8
Summonings     | |  1.0
Translocations | |  1.0

Action                   |  1- 3 |  4- 6 || total
-------------------------+-------+-------++-------
Melee: Dagger            |   115 |    74 ||   189
       Unarmed           |     6 |       ||     6
       Tailslap          |     9 |     5 ||    14
 Cast: Magic Dart        |    57 |    30 ||    87
       Blink             |     2 |     4 ||     6
  Use: Scroll            |     5 |       ||     5
       Potion            |     2 |     1 ||     3
 Stab: Sleeping          |     7 |     1 ||     8
  Eat: Chunk             |     3 |     3 ||     6
Armor: Skin              |    46 |    21 ||    67
Dodge: Dodged            |   101 |    63 ||   164
